 Dungeon Crawl Stone Soup version 0.23.2-1-ga50397a6bc (webtiles) character file.

Game seed: 13148062076139304129

4879 Andrea the Grappler (level 10, 0/67 (68) HPs)
             Began as an Octopode Transmuter on May 28, 2019.
             Was a Follower of Cheibriados.
             Slain by a killer bee (5 damage)
             ... on level 8 of the Dungeon.
             The game lasted 00:20:21 (9350 turns).

Andrea the Grappler (Octopode Transmuter)           Turns: 9350, Time: 00:20:21

HP:   0/67 (68)     AC:  6    Str: 16    XL:     10   Next: 50%
MP:   18/18         EV: 17    Int: 19    God:    Cheibriados [*.....]
Gold: 344           SH:  0    Dex: 15    Spells: 10/20 levels left

rFire    . . .     SeeInvis .     - Unarmed
rCold    . . .     Gourm    .   (no shield)
rNeg     + . .     Faith    .   (helmet restricted)
rPois    .         Spirit   .   (no amulet)
rElec    .         Reflect  .   b - ring of flight
rCorr    .         Harm     .   l - ring of teleportation (curse)
MR       .....     Rnd*Tele +   e - +5 ring of protection
Stlth    ++........             u - +4 ring of evasion
HPRegen  0.21/turn              k - ring of positive energy
MPRegen  0.16/turn              (no ring)
                                (no ring)
                                (no ring)

@: about to teleport, very slow
A: almost no armour, stealthy swim, amphibious, 8 rings, constrict 8, camouflage
1, gelatinous body 1
a: Bend Time, Renounce Religion, Evoke Flight


You were on level 8 of the Dungeon.
You worshipped Cheibriados.
Cheibriados was aware of your devotion.
You were not hungry.

You visited 2 branches of the dungeon, and saw 9 of its levels.
You also visited: Bailey.

You collected 404 gold pieces.
You spent 60 gold pieces at shops.

Inventory:

Hand Weapons
 p - a +0 blowgun
Missiles
 a - 205 arrows
 q - 30 poisoned needles
Jewellery
 b - a ring of flight (left tentacle)
 e - a +5 ring of protection (on tentacle)
 k - a ring of positive energy (on tentacle)
 l - a cursed ring of teleportation (right tentacle)
 t - an uncursed ring of ice
 u - a +4 ring of evasion (on tentacle)
 w - an uncursed ring of poison resistance {unknown}
 y - an uncursed amulet of faith {unknown}
Wands
 s - a wand of paralysis (5)
 x - a wand of scattershot (4)
 B - a wand of iceblast (14)
Scrolls
 f - a scroll of amnesia
 i - a scroll of teleportation
 m - 2 scrolls of enchant armour
 r - 2 scrolls of enchant weapon
Potions
 d - 3 potions of mutation
 g - 2 potions of cancellation
 j - a potion of brilliance {unknown}
 n - 2 potions of ambrosia
 o - a potion of magic {unknown}
 v - a potion of flight {unknown}
 z - a potion of curing
Comestibles
 c - 11 rations


   Skills:
 + Level 5.9 Fighting
 - Level 2.0 Dodging
 * Level 9.1 Unarmed Combat
 + Level 5.8 Spellcasting
 * Level 8.8 Transmutations
 - Level 3.0 Ice Magic
 - Level 2.0 Poison Magic


You had 10 spell levels left.
You knew the following spells:

 Your Spells              Type           Power        Failure   Level  Hunger
a - Beastly Appendage     Tmut           #####.       1%          1    None
b - Sticks to Snakes      Tmut           #####...     1%          2    None
c - Spider Form           Tmut/Pois      ####......   3%          3    ##.....
d - Ice Form              Ice/Tmut       ####....     10%         4    ####...

Your spell library contained the following spells:

 Spells                   Type           Power        Failure   Level  Hunger
 Blade Hands              Tmut           #####.....   9%          5    #####..
 Animate Skeleton         Necr           N/A          12%         1    None
 Apportation              Tloc           #.....       12%         1    None
 Confusing Touch          Hex            #.....       12%         1    None
 Magic Dart               Conj           #...         12%         1    None
 Summon Small Mammal      Summ           #...         12%         1    None
 Blink                    Tloc           N/A          17%         2    None
 Call Imp                 Summ           #.......     17%         2    None
 Slow                     Hex            #.......     17%         2    None
 Mephitic Cloud           Conj/Pois/Air  #.......     26%         3    ##.....
 Conjure Flame            Conj/Fire      #.......     34%         3    ##.....


Dungeon Overview and Level Annotations

Branches:
Dungeon (8/15)             Temple (1/1) D:4
   Lair: D:8-11

Altars:
Ashenzari
Cheibriados
Dithmenos
Elyvilon
Gozag
Hepliaklqana
Kikubaaqudgha
Makhleb
Nemelex Xobeh
Okawaru
Ru
Trog
Uskayaw
Vehumet
Wu Jian
Zin
The Shining One

Shops:
D:4 *


Innate Abilities, Weirdness & Mutations

You cannot wear most types of armour.
You are very stealthy in the water. (Stealth+)
You are amphibious.
You can wear up to eight rings at the same time.
You can use your tentacles to constrict eight enemies at once.
Your skin changes colour to match your surroundings (Stealth+).
Your rubbery body absorbs attacks. (AC +1, EV +1)


Message History

Your surroundings suddenly seem different.
A killer bee comes into view.
The killer bee buzzes angrily.
A killer bee comes into view.
The killer bee buzzes angrily.
A killer bee comes into view.
The killer bee buzzes angrily.
You hear an angry buzzing noise. x8
A hippogriff comes into view.
The hippogriff screeches!
A killer bee comes into view.
The killer bee stings you.
* * * LOW HITPOINT WARNING * * *
The killer bee barely misses you. The killer bee closely misses you.
A killer bee comes into view.
A queen bee comes into view.
The killer bee moves out of view.
You hear an angry buzzing noise.
The killer bee buzzes angrily.
You hear an angry buzzing noise. x2
As you read the scroll of teleportation, it crumbles to dust.
You feel strangely unstable. The killer bee stings you.
You die...

## ..
###.##
....#
H..#
#..#
#..#
#@#
#yy#
#y#..
#y##..#
#y#
...# ##
...#
...#
....#


You could see a hippogriff, a queen bee and 4 killer bees.

Vanquished Creatures
  Harold (D:7)
  Pikel (D:8)
  Psyche (D:8)
  Sigmund (D:4)
  A wyvern (D:7)
  Eustachio (D:5)
  Edmund (D:4)
  Duvessa (D:6)
  3 orc warriors
  3 slaves (D:7)
  A sky beast (D:5)
  3 ice beasts
  2 necrophages (D:7)
  2 ogres
  3 centaurs
  A bullfrog (D:6)
  A wyvern zombie (D:7)
  Dowan (D:6)
  2 scorpions
  A water moccasin skeleton (D:8)
  2 howler monkeys (D:8)
  3 crimson imps
  A bullfrog zombie (D:5)
  A quasit (D:8)
  7 orc priests
  A centaur skeleton (D:5)
  A hound (D:4)
  10 orc wizards
  Natasha (D:3)
  Ijyb (D:3)
  2 worker ants (D:5)
  A hound zombie (D:8)
  2 hound skeletons
  A howler monkey zombie (D:6)
  12 adders
  5 gnolls
  2 shadow imps
  An ooze (D:4)
  An adder zombie (D:6)
  6 worms
  2 dart slugs (D:2)
  4 leopard geckos
  33 orcs
  6 bats
  4 giant cockroaches
  5 goblins
  7 hobgoblins
  2 jackals (D:6)
  3 quokkas
  A ball python (D:2)
  5 frilled lizards
  A jackal zombie (D:5)
  9 kobolds
  A leopard gecko skeleton (D:4)
  8 rats
183 creatures vanquished.

Vanquished Creatures (others)
  A slave (D:8)
  An orc priest (D:8)
  2 orcs (D:8)
4 creatures vanquished.

Grand Total: 187 creatures vanquished

Notes
Turn   | Place    | Note
-------+----------+-------------------------------------------
     0 | D:1      | Andrea the Octopode Transmuter began the quest for the Orb.
     0 | D:1      | Reached XP level 1. HP: 13/13 MP: 3/3
   155 | D:1      | Reached XP level 2. HP: 15/18 MP: 3/5
   176 | D:1      | Learned a level 2 spell: Sticks to Snakes
   531 | D:1      | Reached XP level 3. HP: 23/23 MP: 4/6
   820 | D:1      | Learned a level 3 spell: Spider Form
  1638 | D:2      | Reached skill level 1 in Poison Magic
  1673 | D:2      | Reached XP level 4. HP: 27/28 MP: 5/7
  2042 | D:3      | Noticed Ijyb
  2045 | D:3      | Paralysed by Ijyb for 5 turns
  2266 | D:3      | Reached XP level 5. HP: 25/34 MP: 6/8
  2532 | D:3      | Paralysed by Ijyb for 4 turns
  2537 | D:3      | Paralysed by Ijyb for 5 turns
  2546 | D:3      | Killed Ijyb
  2585 | D:3      | Found a white marble altar of Elyvilon.
  2585 | D:3      | Found a sacrificial altar of Ru.
  2591 | D:3      | Reached skill level 4 in Unarmed Combat
  2683 | D:3      | Found a glowing golden altar of the Shining One.
  2725 | D:3      | Noticed Natasha
  2735 | D:3      | Killed Natasha
  3110 | D:4      | Found a staircase to the Ecumenical Temple.
  3119 | Temple   | Entered the Ecumenical Temple
  3283 | D:4      | Found Dufreuj's General Store.
  3291 | D:4      | Bought a potion of heal wounds for 60 gold pieces
  3463 | D:4      | Reached XP level 6. HP: 34/40 MP: 6/10
  3775 | D:4      | Noticed Sigmund
  3789 | D:4      | Killed Sigmund
  3789 | D:4      | Reached skill level 5 in Unarmed Combat
  3789 | D:4      | Reached XP level 7. HP: 45/45 MP: 7/12
  3839 | D:4      | Noticed Edmund
  3857 | D:4      | Killed Edmund
  4205 | D:5      | Entered Level 5 of the Dungeon
  4430 | D:4      | Reached skill level 5 in Transmutations
  4516 | D:5      | Reached XP level 8. HP: 41/52 MP: 10/13
  4860 | D:5      | Reached skill level 6 in Unarmed Combat
  4875 | D:5      | Learned a level 4 spell: Ice Form
  4999 | D:5      | Reached skill level 1 in Ice Magic
  5256 | D:5      | Noticed Eustachio
  5298 | D:5      | Found a shadowy altar of Dithmenos.
  5864 | D:5      | Killed Eustachio
  5864 | D:5      | Reached XP level 9. HP: 58/58 MP: 12/15
  6327 | D:6      | Reached skill level 7 in Unarmed Combat
  6332 | D:6      | Noticed Dowan
  6334 | D:6      | Noticed Duvessa
  6340 | D:6      | Killed Duvessa
  6342 | D:6      | Killed Dowan
  6627 | D:6      | Found a radiant altar of Vehumet.
  6627 | D:6      | Found a snail-covered altar of Cheibriados.
  6835 | D:6      | Became a worshipper of Cheibriados the Contemplative
  8264 | D:7      | Noticed Harold
  8279 | D:7      | Killed Harold
  8279 | D:7      | Reached skill level 5 in Fighting
  8279 | D:7      | Reached skill level 8 in Unarmed Combat
  8279 | D:7      | Reached skill level 5 in Spellcasting
  8279 | D:7      | Reached XP level 10. HP: 59/65 MP: 5/17
  8304 | D:7      | Reached * piety under Cheibriados
  8551 | D:7      | Found a burning altar of Makhleb.
  8992 | D:8      | Noticed Psyche
  9002 | D:8      | Killed Psyche
  9122 | D:8      | Noticed Pikel
  9135 | D:8      | Killed Pikel
  9155 | D:8      | Reached skill level 9 in Unarmed Combat
  9198 | D:8      | Found a flagged portal.
  9280 | Bailey   | Entered a bailey
  9280 | Bailey   | Noticed an orc knight
  9300 | Bailey   | HP: 2/80 [orc warrior/bolt (10)]
  9350 | D:8      | Slain by a killer bee

Skill      XL: |  1  2  3  4  5  6  7  8  9 10 |
---------------+-------------------------------+-----
Poison Magic   | 1 2 |  2.0
Transmutations | 3 4 5 6 7 8 |  8.8
Fighting       | 2 3 4 5 |  5.9
Unarmed Combat | 4 5 6 8 9 |  9.1
Spellcasting   | 3 4 5 |  5.8
Ice Magic      | 2 3 |  3.0
Dodging        | |  2.0

Action                   |  1- 3 |  4- 6 |  7- 9 | 10-12 || total
-------------------------+-------+-------+-------+-------++-------
Melee: Unarmed           |    65 |   122 |   305 |   103 ||   595
       Constrict         |    20 |    23 |    22 |     6 ||    71
       Kick              |    15 |    15 |    20 |     7 ||    57
       Tentacles         |     6 |    10 |    13 |     2 ||    31
       Punch             |       |     3 |     4 |     1 ||     8
 Cast: Beastly Appendage |    17 |    18 |    12 |     3 ||    50
       Spider Form       |       |     6 |    18 |     6 ||    30
       Sticks to Snakes  |       |       |     4 |       ||     4
       Ice Form          |       |       |     4 |     2 ||     6
 Abil: End Transformatio |       |       |     1 |       ||     1
Evoke: Wand              |       |       |     2 |       ||     2
  Use: Scroll            |     5 |     8 |     1 |     3 ||    17
       Potion            |       |       |     4 |     1 ||     5
 Stab: Sleeping          |     5 |     1 |     1 |       ||     7
       Paralysed         |       |       |     5 |       ||     5
       Distracted        |       |       |     1 |       ||     1
  Eat: Chunk             |     3 |     7 |    14 |     3 ||    27
       Ration            |       |       |     1 |       ||     1
Armor: Skin              |     9 |    23 |    71 |    15 ||   118
Dodge: Dodged            |    41 |    81 |   241 |   100 ||   463
